 Dungeon Crawl Stone Soup version 0.27.1-34-g3ba077fa99 (webtiles) character file.

Game seed: 1392919451967568504

24 vvl the Ruffian (level 2, 0/23 HPs)
             Began as a Draconian Transmuter on Jan 22, 2022.
             Slain by a kobold (1 damage)
             ... on level 1 of the Dungeon.
             The game lasted 00:01:30 (970 turns).

vvl the Ruffian (Draconian Transmuter)               Turns: 970, Time: 00:01:30

Health: 0/23       AC:  4    Str: 12    XL:     2   Next: 79%
Magic:  4/5        EV: 12    Int: 13    God:
Gold:   27         SH:  0    Dex: 11    Spells: 4/5 levels left

rFire    . . .     SeeInvis .   d - staff of poison
rCold    . . .     Faith    .   (no shield)
rNeg     . . .     Spirit   .   (armour unavailable)
rPois    +         Reflect  .   (helmet currently unavailable)
rElec    .         Harm     .   (no cloak)
rCorr    .         Rampage  .   (no gloves)
Will     .....                  (boots currently unavailable)
Stlth    +.........             (no amulet)
HPRegen  0.07/turn              (no ring)
MPRegen  0.09/turn              (no ring)

@: appendages (expiring), slowed, very slow
A: horns 2, talons 2, AC +4, unfitting armour, cold-blooded
a: End Transformation


You were on level 1 of the Dungeon.
You had temporarily grown beastly horns and talons.
You visited 1 branch of the dungeon, and saw 1 of its levels.

You collected 27 gold pieces.

Inventory:

Magical Staves
 d - a staff of poison (weapon)
Jewellery
 f - a ring of wizardry
Scrolls
 a - a scroll of identify {unknown}
 b - a scroll of teleportation {unknown}
 e - a scroll of fog {unknown}
 g - a scroll of amnesia {unknown}
Potions
 c - a potion of brilliance {unknown}


   Skills:
 + Level 1.6 Fighting
 + Level 2.0 Dodging
 + Level 3.2 Unarmed Combat
 + Level 2.2 Spellcasting
 + Level 2.2 Transmutations
 + Level 0.7 Earth Magic


You had 4 spell levels left.
You knew the following spells:

 Your Spells              Type           Power      Damage    Failure   Level
a - Beastly Appendage     Tmut           14%        N/A       10%         1

Your spell library contained the following spells:

 Spells                   Type           Power      Damage    Failure   Level
 Wereblood                Tmut           7%         N/A       16%         2
 Sublimation of Blood     Necr           0%         N/A       36%         2
 Spider Form              Tmut/Pois      3%         N/A       43%         3
 Petrify                  Tmut/Erth      5%         N/A       80%         4
 Ice Form                 Ice/Tmut       4%         N/A       83%         4
 Irradiate                Conj/Tmut      2%         3d14      99%         5


Dungeon Overview and Level Annotations

Branches:
Dungeon (1/15)

Altars:


Innate Abilities, Weirdness & Mutations

You have temporarily grown beastly horns and talons.
Your plain brown scales are hard. (AC +4)
You cannot fit into any form of body armour.
You are cold-blooded and may be slowed by cold attacks.


Message History

The endoplasm quivers.
The endoplasm hits you. x2
You hit the endoplasm.
You tail-slap the endoplasm, but do no damage.
The endoplasm is severely wounded.
The kobold closely misses you. The endoplasm misses you.
You hit the endoplasm.
You kill the endoplasm!
The kobold hits you but does no damage.
You closely miss the kobold. The kobold hits you with a +0 club.
The endoplasm hits you but does no damage.
You hit the kobold.
The kobold is severely wounded.
The kobold misses you. The endoplasm closely misses you.
You closely miss the kobold.
The kobold is severely wounded.
The kobold hits you but does no damage. The endoplasm barely misses you.
The kobold hits you with a +0 club.
Casting: Beastly Appendage (safe; 10% risk of failure)
Confirm with . or Enter, or press ? or * to list all spells.
You grow a pair of large bovine horns.
Your feet morph into talons.
The endoplasm freezes you.
You are frozen.
The kobold misses you.
You are too injured to fight recklessly!
Unknown command.
You barely miss the kobold. Your kick misses the kobold.
The kobold is severely wounded.
Your transformation is almost over.
The endoplasm freezes you.
You are frozen.
You feel yourself slow down. The kobold hits you with a +0 club.
* * * LOW HITPOINT WARNING * * *
The endoplasm freezes you.
You are frozen.
* * * LOW HITPOINT WARNING * * *
You feel as though you will be slow longer.
You hit the endoplasm. You claw the endoplasm. You headbutt the endoplasm.
You kill the endoplasm!
The kobold hits you with a +0 club.
You die...

#.#######...... ...
.....
#.........#..###....#
###+# #.........#..#
....# #
#............. ..
#.........#.####.#+##
#...................#
#.#####.###.###.....#
#.# #.....##......#
#. #.....##@# # ..
#....###K#=.# #
#...#...#...#
#..#8.⌠..#..#
#####..⌠.#..# #∩#...#
... ..#_#8#.#....
#.⌠..###..# .... #..
. ..# ....


You could see a kobold.

Vanquished Creatures
  A dart slug (D:1)
  A ball python (D:1)
  5 endoplasms (D:1)
  A giant cockroach (D:1)
  3 hobgoblins (D:1)
  4 jackals (D:1)
  A kobold (D:1)
  A frilled lizard (D:1)
  2 rats (D:1)
19 creatures vanquished.

Notes
Turn   | Place    | Note
-------+----------+-------------------------------------------
     0 | D:1      | vvl the Draconian Transmuter began the quest for the Orb.
     0 | D:1      | Reached XP level 1. HP: 16/16 MP: 3/3
   451 | D:1      | Reached XP level 2. HP: 23/23 MP: 3/5
   954 | D:1      | Found a faded altar of an unknown god.
   969 | D:1      | HP: 1/23 [frozen (5)]
   970 | D:1      | Slain by a kobold

Illustrated notes

Levels and vault maps discovered:
D:1:      lemuel_arrival_behind_the_door_large, layout_basic,
          shapermc_ecumenical_altar_venn

Skill      XL: |  1  2 |
---------------+-------+-----
Dodging        | 2 |  2.0
Fighting       | |  1.6
Unarmed Combat | |  3.2
Spellcasting   | |  2.2
Transmutations | |  2.2
Earth Magic    | |  0.7

Action                   || total
-------------------------++-------
Melee: Unarmed           ||    39
       Kick              ||    11
       Tailslap          ||     7
       Punch             ||     1
       Staff             ||    15
       Headbutt          ||     6
 Cast: Beastly Appendage ||     9
 Stab: Sleeping          ||     2
Armor: Skin              ||    16
Dodge: Dodged            ||    39
